AoeStats
← VeteRocha

Arena

509696055Analyzed
1v1 RM · 5d ago on Sep 27, 2026· 45m 34s· 2 players
Game mode
Random Map
Map size
Tiny (2 player)
Population
200
Speed
Normal
Resources
Standard
Victory
Conquest
Starting age
Dark Age
Ending age
Imperial Age
RankedLock teamsTeams togetherTeam positionsShared explorationLock speedFull tech treeHidden civsTurbo modeCheats
Victory
Defeat
🇧🇷 Italians · Brazil
1091
+16
🇦🇷 Berbers · Argentina
1087
-16
VeteRocha
6:37 Loom
10:29 Feudal Age
15:55 Castle Age
14:19 Double-Bit Axe
15:34 Fletching
15:56 Padded Archer Armor
35:57 Bodkin Arrow
Jvictorrrr
10:59 Feudal Age
12:30 Loom
15:14 Castle Age
13:00 Horse Collar
13:07 Double-Bit Axe
16:05 Heavy Plow
17:23 Bow Saw
19:42 Scale Barding Armor
19:50 Forging
23:17 Fletching
25:48 Redemption
29:38 Imperial Age
28:10 Bloodlines
28:08 Scale Barding Armor
30:09 Bodkin Arrow
33:55 Wheelbarrow
36:28 Onager
37:26 Husbandry
39:06 Chemistry
41:46 Town Watch
43:56 Fervor
44:07 Sanctity
Connection lost

Rejoining the realm…

Still unreachable

The connection could not be restored.

Session expired

The server has moved on; the page needs a fresh start.